 Dungeon Crawl Stone Soup version 0.27-a0-1312-g5cdb2b3542 (webtiles) character file.

Game seed: 5950887319802968449

20944 Armakuni the Destroyer (level 12, -12/81 HPs)
             Began as a Demigod Conjurer on June 18, 2021.
             Shot with a bolt by a yaktaur (16 damage)
             ... in a volcano on June 19, 2021.
             The game lasted 00:47:19 (13786 turns).

Armakuni the Destroyer (Demigod Conjurer)          Turns: 13786, Time: 00:47:20

Health: -12/81     AC: 11    Str: 26    XL:     12   Next: 20%
Magic:  16/30      EV: 11    Int: 30    God:
Gold:   639        SH:  0    Dex: 12    Spells: 5/30 levels left

rFire    . . .     SeeInvis .   a - +0 long sword (flame)
rCold    . . .     Faith    .   (no shield)
rNeg     . . .     Spirit   .   e - +0 troll leather armour
rPois    .         Reflect  .   s - +0 helmet
rElec    .         Harm     .   n - +1 cloak
rCorr    .         Rampage  .   x - +0 pair of gloves
Will     +....                  g - +2 pair of boots
Stlth    ++........             (no amulet)
HPRegen  1.23/turn              S - +6 ring of strength
MPRegen  0.22/turn              I - +6 ring of intelligence

@: no status effects
A: high mp 1, forlorn
a: no special abilities


You were in a volcano.
You visited 2 branches of the dungeon, and saw 13 of its levels.
You also visited: Volcano.

You collected 639 gold pieces.

Inventory:

Hand Weapons
 a - a +0 long sword of flaming (weapon)
Missiles
 d - 5 javelins
Armour
 e - a +0 troll leather armour (worn)
 g - a +2 pair of boots (worn)
 n - a +1 cloak (worn)
 r - +1 acid dragon scales
 s - a +0 helmet (worn)
 x - a +0 pair of gloves (worn)
Magical Staves
 b - a staff of air
Jewellery
 I - a +6 ring of intelligence (right hand)
 S - a +6 ring of strength (left hand)
Wands
 f - a wand of flame (90)
 h - a wand of acid (16)
 k - a wand of digging (3)
 m - a wand of mindburst (12)
Scrolls
 c - 2 scrolls of fog
 l - a scroll of silence
 q - 3 scrolls of teleportation
 w - a scroll of immolation
 H - 2 scrolls of amnesia
Potions
 i - 9 potions of curing
 j - a potion of berserk rage
 p - 2 potions of magic
 t - 2 potions of heal wounds
 u - 2 potions of cancellation
 v - a potion of ambrosia
 z - 4 potions of brilliance
 B - a potion of haste
 C - a potion of might {unknown}
 F - a potion of lignification {unknown}
 G - 2 potions of mutation {unknown}
 K - 2 potions of flight
Miscellaneous
 E - a piece from Xom's chessboard (15/15)


   Skills:
 - Level 1.7 Dodging
 - Level 1.7 Stealth
 + Level 9.9 Spellcasting
 - Level 10.0 Conjurations
 - Level 4.0 Summonings
 - Level 10.0 Air Magic
 - Level 6.0 Poison Magic
 - Level 5.0 Evocations


You had 5 spell levels left.
You knew the following spells:

 Your Spells              Type           Power      Damage    Failure   Level
b - Blink                 Tloc           N/A        N/A       6%          2
c - Mephitic Cloud        Conj/Pois/Air  61%        N/A       1%          3
l - Summon Lightning Spi  Summ/Air       54%        N/A       2%          4
m - Iskenderun's Mystic   Conj/Tloc      44%        2d10      5%          4
o - Olgreb's Toxic Radia  Pois           50%        N/A       3%          4
p - Conjure Ball Lightni  Conj/Air       33%        3x3d11    11%         6
s - Searing Ray           Conj           100%       3d7       1%          2

Your spell library contained the following spells:

 Spells                   Type           Power      Damage    Failure   Level
 Magic Dart               Conj           100%       1d8       1%          1
 Sting                    Tmut/Pois      100%       1d8       1%          1
 Call Imp                 Summ           38%        N/A       1%          2
 Poisonous Vapours        Pois/Air       100%       N/A       1%          2
 Conjure Flame            Conj/Fire      44%        6-21      1%          3
 Dazzling Flash           Conj/Hex       88%        N/A       1%          3
 Ignite Poison            Fire/Tmut/Pois 26%        N/A       5%          3
 Fulminant Prism          Conj/Hex       22%        3d13      5%          4
 Slow                     Hex            14%        N/A       6%          2
 Silence                  Hex/Air        22%        N/A       14%         5
 Storm Form               Tmut/Air       22%        N/A       99%         7


Dungeon Overview and Level Annotations

Branches:
Dungeon (12/15)            Temple (0/1) D:5            Lair (1/6) D:9
    Orc (0/2) D:11        Volcano (1/1)


Innate Abilities, Weirdness & Mutations

Your attributes grow dramatically as you level up.
You have an increased reservoir of magic. (+10% MP)
You shall have no god before yourself.


Message History

The searing ray hits the centaur!
You kill the centaur!
You finish channeling your searing ray.
The yaktaur unwields a +2 arbalest of flaming.
It stops flaming.
The yaktaur completely misses you.
You hit the yaktaur. You burn the yaktaur.
The yaktaur is heavily wounded.
Aiming: Searing Ray (safe; 1% risk of failure)
Press: ? - help, Q - select action, (/) - cycle Shift-Dir - straight line, f - centaur warrior
Aim: a centaur warrior, wielding a +1 shortbow of flaming and quivering arrows (noxious fumes, lightly wounded, 87% to hit)
The searing ray hits the centaur warrior!
The centaur warrior is moderately wounded. (Press . to maintain the ray.)
The centaur warrior is engulfed in noxious fumes.
The centaur warrior appears confused.
The searing ray hits the centaur warrior!
The centaur warrior is heavily wounded.
The searing ray hits the centaur warrior!
The centaur warrior is severely wounded.
The yaktaur cries.
The searing ray hits the centaur warrior!
You kill the centaur warrior!
You finish channeling your searing ray.
The yaktaur seems less confused.
The yaktaur wields a +2 arbalest of flaming.
It bursts into flame!
The yaktaur shoots a bolt.
The bolt hits you!! The bolt burns you.
Aiming: Searing Ray (safe; 1% risk of failure)
Press: ? - help, Q - select action, (/) - cycle Shift-Dir - straight line, f - yaktaur
Aim: a yaktaur, wielding a +2 arbalest of flaming and quivering bolts (heavily wounded, 96% to hit)
The searing ray hits the yaktaur!
The yaktaur is severely wounded. (Press . to maintain the ray.)
The yaktaur shoots a bolt.
The bolt hits you!!
* * * LOW HITPOINT WARNING * * *
The bolt burns you.
* * * LOW HITPOINT WARNING * * *
The searing ray hits the yaktaur.
The yaktaur is severely wounded.
The yaktaur shoots a bolt.
The bolt hits you!
You die...

≈≈≈≈≈≈,,,***
≈≈≈≈≈≈,,,,,********
§≈≈§§§§≈....#*,*,,***
≈≈§≈≈≈§≈≈...**,,,,,,*
§§≈§≈§≈≈≈..,**,,,,,,*
§≈§≈≈≈≈≈..*,**,,,,,,*
≈≈§§§§...*******,,*+*
≈§≈§§...#* #####*,#
≈≈≈§§...### ##..@#*.###
≈§≈§≈....8###....#.c8.#
§§≈§§.......)..∩.).._.#
≈§≈≈.....8###.c).#..8.#
≈≈§....#### ##...##.###
.§§.#### #####*.# #####
***,,*+# *,,,,,,*
*,,,,,,*


You could see a yaktaur.

Vanquished Creatures
  Josephine (D:10)
  2 hydras
  A centaur warrior (Volcano)
  2 two-headed ogres
  Pikel (D:4)
  A cyclops (D:12)
  2 manticores (D:11)
  Maurice (D:8)
  A gargoyle (D:10)
  2 unseen horrors (D:11)
  A cane toad (Lair:1)
  Maggie (D:8)
  A komodo dragon (Lair:1)
  A rime drake (Lair:1)
  2 trolls
  5 blink frogs (Lair:1)
  3 slime creatures (D:10)
  A shadow (D:11)
  22 yaks
  5 wraiths
  A wyvern (D:10)
  7 fire bats (Volcano)
  An acid dragon (D:11)
  2 water moccasins
  Duvessa (D:4)
  2 sky beasts
  3 orc warriors
  3 ogres
  2 necrophages
  6 centaurs
  5 wolves (Lair:1)
  2 phantoms
  2 lemures (D:4)
  A kobold brigand (D:6)
  4 bullfrogs
  3 scorpions
  A gnoll sergeant (D:6)
  Dowan (D:4)
  A wyvern skeleton (D:6)
  10 killer bees
  9 wights
  A howler monkey (D:7)
  4 centaur zombies
  6 lava snakes (Volcano)
  9 hounds
  A gnoll shaman (D:7)
  A jelly (D:6)
  5 orc priests
  Jessica (D:3)
  Terence (D:2)
  7 orc wizards
  4 iguanas
  A statue (D:8)
  A hound zombie (D:5)
  9 gnolls
  A howler monkey skeleton (D:5)
  5 adders
  A shadow imp (D:7)
  2 white imps
  3 ufetubi
  An adder skeleton (D:4)
  2 worms
  3 dart slugs
  25 orcs
  3 ball pythons
  6 bats
  9 endoplasms
  3 giant cockroaches
  6 hobgoblins
  11 kobolds
  5 quokkas
  2 frilled lizards (D:1)
  6 goblins
  3 rats
271 creatures vanquished.

Vanquished Creatures (collateral kills)
  2 yaks (D:11)
2 creatures vanquished.

Vanquished Creatures (others)
  3 fungi (Lair:1)
  2 plants (Lair:1)
5 creatures vanquished.

Grand Total: 278 creatures vanquished

Notes
Turn   | Place    | Note
-------+----------+-------------------------------------------
     0 | D:1      | Armakuni the Demigod Conjurer began the quest for the Orb.
     0 | D:1      | Reached XP level 1. HP: 14/14 MP: 5/5
   335 | D:2      | Noticed Terence
   401 | D:2      | Reached XP level 2. HP: 4/20 MP: 4/7
   874 | D:2      | Learned a level 2 spell: Searing Ray
  1071 | D:2      | Reached XP level 3. HP: 26/26 MP: 5/9
  1306 | D:2      | Killed Terence
  1767 | D:1      | Reached XP level 4. HP: 20/33 MP: 5/11
  2784 | D:3      | Noticed Jessica
  2788 | D:3      | Killed Jessica
  2876 | D:2      | Learned a level 4 spell: Iskenderun's Mystic Blast
  3392 | D:3      | Reached skill level 5 in Conjurations
  3392 | D:3      | Reached XP level 5. HP: 38/38 MP: 7/13
  3730 | D:4      | Noticed a necrophage
  3743 | D:4      | Killed a necrophage
  3744 | D:4      | Reached XP level 6. HP: 45/45 MP: 9/15
  3894 | D:4      | Noticed Pikel
  3920 | D:4      | Killed Pikel
  3921 | D:4      | Reached skill level 5 in Spellcasting
  3921 | D:4      | Reached XP level 7. HP: 42/50 MP: 0/18
  4112 | D:4      | Noticed Dowan
  4113 | D:4      | Noticed Duvessa
  4127 | D:4      | Killed Duvessa
  4128 | D:4      | Killed Dowan
  5065 | D:5      | Entered Level 5 of the Dungeon
  5080 | D:5      | Reached XP level 8. HP: 57/57 MP: 16/20
  5385 | D:5      | Found a staircase to the Ecumenical Temple.
  6846 | D:6      | Reached XP level 9. HP: 62/62 MP: 20/24
  8649 | D:8      | Noticed Maggie
  8661 | D:8      | Killed Maggie
  8662 | D:8      | Reached skill level 10 in Conjurations
  8662 | D:8      | Noticed Maurice
  8807 | D:8      | Killed Maurice
  9169 | D:8      | Learned a level 3 spell: Mephitic Cloud
  9174 | D:8      | Learned a level 4 spell: Olgreb's Toxic Radiance
  9316 | D:9      | Reached skill level 1 in Poison Magic
  9316 | D:9      | Reached skill level 1 in Evocations
  9413 | D:9      | Reached XP level 10. HP: 56/69 MP: 22/27
  9797 | D:9      | Learned a level 2 spell: Blink
  9890 | D:9      | Found a staircase to the Lair.
  9949 | D:9      | Noticed a two-headed ogre
  9956 | D:9      | Killed a two-headed ogre
 10071 | D:10     | Entered Level 10 of the Dungeon
 10247 | D:10     | Reached skill level 5 in Poison Magic
 10247 | D:10     | Reached skill level 5 in Evocations
 10472 | D:10     | Upgraded the game from 0.27-a0-1308-gc08437e49b to
                  | 0.27-a0-1312-g5cdb2b3542
 10638 | D:10     | Noticed Josephine
 10647 | D:10     | Killed Josephine
 10803 | D:10     | Reached XP level 11. HP: 72/74 MP: 20/28
 10876 | D:10     | Learned a level 4 spell: Summon Lightning Spire
 11034 | D:10     | Reached skill level 1 in Summonings
 11211 | D:11     | Learned a level 6 spell: Conjure Ball Lightning
 11638 | D:11     | Reached skill level 5 in Air Magic
 12201 | D:11     | Found a staircase to the Orcish Mines.
 12522 | D:12     | Noticed a two-headed ogre
 12530 | D:12     | Killed a two-headed ogre
 12693 | D:12     | Noticed a seven-headed hydra
 12699 | D:12     | Noticed a boulder beetle
 12701 | D:12     | Killed a seven-headed hydra
 13013 | Lair:1   | Entered Level 1 of the Lair of Beasts
 13228 | Lair:1   | Found a dark tunnel.
 13232 | Lair:1   | Noticed a five-headed hydra
 13249 | Lair:1   | Killed a five-headed hydra
 13335 | Lair:1   | Reached XP level 12. HP: 41/81 MP: 16/29
 13449 | Volcano  | Entered a volcano
 13541 | Volcano  | Reached skill level 10 in Air Magic
 13771 | Volcano  | Noticed a centaur warrior
 13784 | Volcano  | Killed a centaur warrior
 13785 | Volcano  | HP: 3/81 [yaktaur/bolt (6)]
 13786 | Volcano  | Shot with a bolt by a yaktaur

Illustrated notes

Levels and vault maps discovered:
D:1:      erik_arrival_cave_to_civilisation [erik_arrival_cave_to_hall],
          layout_loops_ring, chequers_ecumenical_altar_simple
D:2:      layout_basic, hangedman_decor_push, uniq_terence
D:3:      layout_rooms, amcnicky_altar_gilded, kennysheep_orc_chapel,
          uniq_jessica
D:4:      layout_layer_cave, uniq_pikel, uniq_duvessa
D:5:      minmay_skewed_foursquare, layout_basic, minmay_temple_entry_large_hall
D:6:      layout_gridville, minitemple, corexii_item_surrounded_by_moat
D:7:      layout_loops_ring, hellmonk_bongcloud_opening, kennysheep_nondescript,
          minmay_tree_intersection, kennysheep_generic_room_14
D:8:      layout_gridville, vehumet_statue, uniq_maurice, uniq_maggie
D:9:      layout_rooms, lair_entry_dummy
D:10:     layout_roguey, minivault_16, uniq_josephine
D:11:     layout_roguey, orc_0_dummy, nicolae_qazlal_general_emergency
D:12:     layout_grid_maze
Lair:1:   layout_long_grid, nicolae_volcano_entry_lava_flow
Volcano:  volcano_grotto [vgs_original]

Skill      XL: |  1  2  3  4  5  6  7  8  9 10 11 12 |
---------------+-------------------------------------+-----
Spellcasting   | 2 3 4 5 6 7 9 |  9.9
Conjurations   | 4 5 6 7 8 10 | 10.0
Poison Magic   | 1 6 |  6.0
Evocations     | 1 5 |  5.0
Air Magic      | 3 9 10 | 10.0
Summonings     | 4 |  4.0
Dodging        | |  1.7
Stealth        | |  1.7

Action                   |  1- 3 |  4- 6 |  7- 9 | 10-12 || total
-------------------------+-------+-------+-------+-------++-------
Melee: Club              |     1 |       |       |       ||     1
       Hand axe          |       |     3 |       |       ||     3
       Whip              |       |       |     3 |       ||     3
       Long sword        |       |       |       |    11 ||    11
 Cast: Magic Dart        |    29 |       |       |       ||    29
       Searing Ray       |    14 |    32 |    93 |    79 ||   218
       Iskenderun's Myst |       |       |     2 |    14 ||    16
       Olgreb's Toxic Ra |       |       |       |     5 ||     5
       Summon Lightning  |       |       |       |     1 ||     1
       Mephitic Cloud    |       |       |       |     1 ||     1
Evoke: Wand              |       |       |    11 |    24 ||    35
       Piece from Xom's  |       |       |     1 |       ||     1
  Use: Scroll            |     4 |     5 |     7 |     8 ||    24
       Potion            |       |     1 |     1 |     1 ||     3
Armor: Robe              |     2 |     8 |    13 |       ||    23
       Steam dragon scal |       |       |     6 |    52 ||    58
       Troll leather arm |       |       |       |    17 ||    17
       Acid dragon scale |       |       |       |     3 ||     3
Dodge: Dodged            |    21 |    18 |    40 |    77 ||   156
       Rpst.: Long sword |       |       |     2 |    24 ||    26

Table legend: (Time is in decaauts)
 A = Elapsed time spent in this place.
 B = Non-inter-level travel time spent in this place.
 C = Inter-level travel time spent in this place.
 D = Time resting spent in this place.
 E = Time spent auto-exploring this place.
 F = Levels seen in this place.
 G = Mean time per level.
                   A        B        C        D        E       F      G
               +--------+--------+--------+--------+--------+-----+--------+
         Total |  13812 |  13452 |    360 |   3827 |   7125 |  14 |  986.6 |
       Dungeon |  13036 |  12676 |    360 |   3542 |   6914 |  12 | 1086.3 |
          Lair |    438 |    438 |      0 |    132 |    119 |   1 |  438.0 |
       Volcano |    337 |    337 |      0 |    153 |     92 |   1 |  337.0 |
               +--------+--------+--------+--------+--------+-----+--------+

Top non-repeatable levels by time:
     D:2: 1464 daAuts
     D:4: 1445 daAuts
     D:6: 1391 daAuts
    D:11: 1298 daAuts
     D:1: 1259 daAuts
     D:7: 1180 daAuts
    D:10: 1153 daAuts
     D:5: 1107 daAuts
     D:3: 909 daAuts
     D:9: 801 daAuts
     D:8: 546 daAuts
    D:12: 479 daAuts
  Lair:1: 438 daAuts
 Volcano: 337 daAuts
